 Dungeon Crawl Stone Soup version 0.31-a0-233-g139696dc86 (webtiles) character file.

Game seed: 5706896311534079372

26 qw the Shooter (level 2, -4/24 HPs)
             Began as a Minotaur Hexslinger on July 7, 2023.
             Killed by nerve-wracking pain
             ... invoked by Jessica
              (14 damage)
             ... on level 2 of the Dungeon.
             The game lasted 00:00:18 (807 turns).

qw the Shooter (Minotaur Hexslinger)                 Turns: 807, Time: 00:00:18

Health: -4/24      AC:  5    Str: 12    XL:     2   Next: 89%
Magic:  2/2        EV: 10    Int: 10    God:
Gold:   5          SH:  0    Dex: 12    Spells: 2/3 levels left

rFire   . . .        Y - +1 sling
rCold   . . .        (no shield)
rNeg    . . .        e - +0 ring mail
rPois   .            (helmet restricted)
rElec   .            (no cloak)
rCorr   .            (no gloves)
SInv    .            (no boots)
Will    .....        (no amulet)
Stlth   +            (no ring)
HPRegen 0.24/turn    (no ring)
MPRegen 0.08/turn

%: no passive effects
@: no status effects
A: horns 2, retaliatory headbutt
a: no special abilities


You were on level 2 of the Dungeon.
You visited 1 branch of the dungeon, and saw 2 of its levels.

You collected 50 gold pieces.
You spent 45 gold pieces at shops.


Innate Abilities, Weirdness & Mutations

You have a pair of horns on your head.
You reflexively headbutt those who attack you in melee.


   Skills:
 - Level 2.0 Fighting
 + Level 3.5 Ranged Weapons
 - Level 2.1 Dodging
 - Level 1.0 Spellcasting
 - Level 2.0 Hexes


You had 2 spell levels left.
You knew the following spells:

 Your Spells              Type           Power      Damage    Failure   Level
a - Slow                  Hex            16%        N/A       34%         1

Your spell library contained the following spells:

 Spells                   Type           Power      Damage    Failure   Level
 Inner Flame              Hex/Fire       2%         N/A       83%         3
 Portal Projectile        Hex/Tloc       4%         N/A       83%         3
 Cause Fear               Hex            2%         N/A       98%         4

Inventory:

Hand Weapons
 Y - a +1 sling (weapon)
Armour
 b - a +0 pair of boots
 e - a +0 ring mail (worn)
Potions
 a - a potion of curing
 f - a potion of resistance {unknown}
 g - a potion of brilliance {unknown}

Dungeon Overview and Level Annotations

Branches:
Dungeon (2/15)

Altars:

Shops:
D:1 [   D:2 [

Annotations:
D:2 Jessica, Sigmund


Message History

You shoot a sling bullet. The sling bullet barely misses Jessica.
The sling bullet hits the dart slug.
The dart slug is lightly wounded.
You shoot a sling bullet. The sling bullet hits Jessica.
Jessica is severely wounded.
Jessica hits you with a +0 dagger.
Jessica mumbles something strange.
Jessica drinks a potion.
Jessica is healed!
You shoot a sling bullet. The sling bullet hits Jessica.
Jessica is lightly wounded.
Jessica barely misses you. Jessica hits you but does no damage.
You shoot a sling bullet. The sling bullet hits Jessica.
Jessica is moderately wounded.
Jessica casts a spell.
Jessica blinks!
Sigmund the Dreaded comes into view.
He is wielding a +0 scythe.
You shoot a sling bullet.
Sigmund shouts!
The sling bullet hits the dart slug.
The dart slug is severely wounded.
The dart slug closely misses you.
You shoot a sling bullet.
The sling bullet hits the dart slug but does no damage.
The dart slug is severely wounded.
The adder bites you. The adder bites you but does no damage.
Sigmund laughs darkly.
The dart slug bites you. Jessica hits you with a +0 dagger.
You shoot a sling bullet. The sling bullet hits the dart slug.
You kill the dart slug!
The adder bites you. Jessica hits you but does no damage.
Sigmund gestures at you while chanting. You resist with significant effort.
The adder barely misses you. You furiously retaliate!
You headbutt the adder! Jessica hits you but does no damage.
You shoot a sling bullet. The sling bullet hits the adder.
You kill the adder!
Jessica casts a spell at you. Pain shoots through your body!
Ouch! That really hurt!
You die...

#..<..........#####.......[
######.###.########.#.#.###
#.# #.#####....#..... .#
........#..#..... .
######...#.....# ..
##.##...#.##
###.###.........#
................#
#..$.@@........#
#.....%.........
.......w........#
.........)......#
..#@..........$..
....#..#.........
..............## ....###
#......


You could see Sigmund, a dart slug and Jessica (fast).

Vanquished Creatures
  An adder (D:2)
  2 dart slugs
  2 ball pythons
  A bat (D:1)
  2 endoplasms
  3 giant cockroaches
  A goblin (D:1)
  A hobgoblin (D:1)
  A quokka (D:1)
  2 frilled lizards (D:1)
  3 kobolds
  3 rats (D:1)
22 creatures vanquished.

Notes
Turn   | Place    | Note
-------+----------+-------------------------------------------
     0 | D:1      | qw the Minotaur Hexslinger began the quest for the Orb.
     0 | D:1      | Reached XP level 1. HP: 16/16 MP: 1/1
     0 | D:1      | 0 ||| qw: Version: 0.3-a-46-gb1f654a
     0 | D:1      | 0 ||| qw: Game counter: 3307
     0 | D:1      | 0 ||| qw: Melee chars always use a shield: true
     0 | D:1      | 0 ||| qw: God list: Okawaru
     0 | D:1      | 0 ||| qw: Allow faded altars: false
     0 | D:1      | 0 ||| qw: Do Orc after clearing Dungeon:15 true
     0 | D:1      | 0 ||| qw: Do second Lair branch before Depths: true
     0 | D:1      | 0 ||| qw: Lair rune preference: random
     0 | D:1      | 0 ||| qw: Goals: Normal
     0 | D:1      | 0 ||| PLANNING D:1-11
    50 | D:1      | Found a faded altar of an unknown god.
   126 | D:1      | Reached skill level 3 in Ranged Weapons
   173 | D:1      | Reached XP level 2. HP: 23/23 MP: 2/2
   217 | D:1      | Found Come's Antique Armour Emporium.
   226 | D:1      | 226 ||| SHOPLISTING bloodstained hat (216 gold, have 17).
   705 | D:1      | 705 ||| UPGRADING to +0 ring mail.
   715 | D:1      | 715 ||| DROPPING +0 robe.
   716 | D:1      | 716 ||| READING scroll labelled JUUZEU ASMU.
   717 | D:1      | 717 ||| READING scroll labelled VAMMUD GOWUH.
   718 | D:1      | 718 ||| READING scroll labelled IVOJIA ULAA.
   719 | D:1      | 719 ||| DROPPING scroll of poison.
   761 | D:2      | Found Guocouss's Armour Boutique.
   771 | D:2      | 771 ||| BUYING +0 pair of boots (45 gold).
   771 | D:2      | Bought a +0 pair of boots for 45 gold pieces
   771 | D:2      | 771 ||| SHOPLISTING +0 pair of gloves (45 gold, have 5).
   771 | D:2      | 771 ||| SHOPLISTING +3 leather armour of cold resistance
                  | (240 gold, have 5).
   797 | D:2      | Noticed Jessica
   803 | D:2      | Noticed Sigmund
   807 | D:2      | Killed from afar by Jessica

Levels and vault maps discovered:
D:1:      lemuel_arrival_tunnels, layout_basic, serial_shops, shop_fountains,
          shapermc_ecumenical_altar_mp_ritualfount
D:2:      layout_rooms, basic_altar, serial_shops, nicolae_shop_tiny_waterfront,
          nicolae_shop_tiny_waterfront, minmay_pentomino_w2, uniq_sigmund,
          uniq_jessica

Skill      XL: |  1  2 |
---------------+-------+-----
Ranged Weapons | 3 |  3.5
Fighting       | 2 |  2.0
Dodging        | |  2.1
Spellcasting   | |  1.0
Hexes          | |  2.0

Action                     || total
---------------------------++-------
   Fire: Sling             ||    66
    Use: Scroll            ||     3
 Armour: Robe              ||     1
         Ring mail         ||     7
  Dodge: Dodged            ||    18

Table legend:
 A = Non-vault XP
 B = Vault XP
 C = Vault XP percentage of total XP
 D = Non-vault monster count
 E = Vault monster count
 F = Vault count percentage of total count
                 A         B        C        D         E       F
            +---------+---------+-------+---------+---------+-------
      Total |      51 |       0 |   0.0 |      22 |       0 |   0.0
            +---------+---------+-------+---------+---------+-------
        D:1 |      28 |       0 |   0.0 |      16 |       0 |   0.0
        D:2 |      23 |       0 |   0.0 |       6 |       0 |   0.0
            +---------+---------+-------+---------+---------+-------
